 Dungeon Crawl Stone Soup version 0.27-a0-46-g34d46f0a3f (webtiles) character file.

Game seed: 14195652508376339970

2354 lessens the Cleaver (level 9, -7/71 HPs)
             Began as a White Draconian Monk on Jan 6, 2021.
             Was an Elder of Okawaru.
             Mangled by an orc warrior
             ... wielding a +0 halberd
              (12 damage)
             ... in a bailey.
             The game lasted 00:12:13 (8066 turns).

lessens the Cleaver (White Draconian Monk)          Turns: 8066, Time: 00:12:14

Health: -7/71      AC:  7    Str: 17    XL:     9   Next: 20%
Magic:  12/12      EV: 13    Int: 10    God:    Okawaru [****..]
Gold:   410        SH:  0    Dex: 20    Spells: 8/8 levels left

rFire    + . .     SeeInvis .   m - +4 battleaxe
rCold    + . .     Faith    .   (shield currently unavailable)
rNeg     . . .     Spirit   .   (armour unavailable)
rPois    .         Reflect  .   (helmet restricted)
rElec    .         Harm     .   (no cloak)
rCorr    .         Rampage  .   (no gloves)
Will     .....                  (no boots)
Stlth    ++........             g - amulet of regeneration
HPRegen  0.61/turn              D - +6 ring of dexterity
MPRegen  0.13/turn              B - ring of protection from fire

@: short of breath
A: breathe frost, unfitting armour, cold resistance 1, cold-blooded, AC +7
a: Breathe Frost, Renounce Religion, Heroism


You were in a bailey.
You worshipped Okawaru.
Okawaru was greatly pleased with you.
You visited 1 branch of the dungeon, and saw 7 of its levels.
You also visited: Bailey.

You collected 410 gold pieces.

Inventory:

Hand Weapons
 a - a +0 hand axe
 m - a +4 battleaxe (weapon)
Missiles
 b - 224 stones
 x - 3 boomerangs (quivered)
Jewellery
 d - an uncursed amulet of the acrobat
 g - an amulet of regeneration (around neck)
 z - a +6 ring of intelligence
 B - a ring of protection from fire (right hand)
 D - a +6 ring of dexterity (left hand)
Wands
 A - a wand of acid (5)
Scrolls
 h - 5 scrolls of noise {unknown}
 i - 6 scrolls of remove curse {unknown}
 l - 5 scrolls of teleportation {unknown}
 o - 3 scrolls of amnesia {unknown}
 q - 3 scrolls of random uselessness {unknown}
 r - 5 scrolls of fear {unknown}
 u - a scroll of fog {unknown}
 w - 2 scrolls of magic mapping {unknown}
 y - 3 scrolls of enchant weapon {unknown}
 C - 3 scrolls of immolation {unknown}
 E - a scroll of vulnerability {unknown}
 F - a scroll of torment {unknown}
Potions
 c - 4 potions of curing
 e - 2 potions of haste
 f - a potion of flight
 j - a potion of might
 k - a potion of magic
 n - a potion of mutation {unknown}
 p - 2 potions of attraction
 s - a potion of lignification
 t - a potion of ambrosia


   Skills:
 + Level 3.9 Fighting
 * Level 11.4 Axes
 - Level 2.6 Dodging
 - Level 1.7 Stealth
 - Level 5.0 Invocations


You had 8 spell levels left.
You didn't know any spells.
Your spell library was empty.

Dungeon Overview and Level Annotations

Branches:
Dungeon (8/15)             Temple (0/1) D:4          Bailey (1/1)
   Lair: D:8-11

Altars:
Ashenzari
Dithmenos
Elyvilon
Nemelex Xobeh
Okawaru
Ru
Sif Muna
Vehumet
Wu Jian
Yredelemnul

Shops:
D:5 =


Innate Abilities, Weirdness & Mutations

You can breathe waves of freezing cold.
You can buffet flying creatures when you breathe cold.
Your icy white scales are hard. (AC +7)
You cannot fit into any form of body armour.
Your flesh is cold resistant. (rC+)
You are cold-blooded and may be slowed by cold attacks.


Message History

Aim: an orc warrior, wielding a +0 halberd and wearing a +0 scale mail (heavily wounded, covered in acid)
You throw a boomerang. The boomerang hits the orc warrior.
The orc warrior is heavily wounded.
Throw: 3 boomerangs
Press: ? - help, Q - select action, (/) - cycle Shift-Dir - straight line, f/p - orc warrior
Aim: an orc warrior, wielding a +0 halberd and wearing a +0 scale mail (heavily wounded, covered in acid)
Okay, then.
The orc warrior closely misses you. The orc warrior barely misses you.
You closely miss the orc warrior.
Your tail-slap misses the orc warrior.
The orc warrior is heavily wounded.
The orc warrior hits you with a +0 halberd!!
* * * LOW HITPOINT WARNING * * *
You closely miss the orc warrior.
Your tail-slap misses the orc warrior.
The orc warrior is heavily wounded.
The orc warrior completely misses you.
You miss the orc warrior.
The orc warrior is heavily wounded.
The orc warrior hits you with a +0 halberd!
You die...

###'###
##.....##
#.......#
#.......#
#.......#
#.......#
#...)...#
#...)).o#
#..).))@#
#..)))..#
#∩.)...∩#
#.......#
##..∩..##
#######


You could see an orc warrior (corroded).

Vanquished Creatures
  The ghost of pistachioham the Vexing, an amateur GnAM (D:3)
  A sky beast (D:4)
  4 orc warriors (Bailey)
  A black bear (D:6)
  An ice beast (D:6)
  2 ogres
  A centaur (D:4)
  3 bullfrogs
  2 scorpions (D:4)
  5 wights (D:3)
  A howler monkey (D:5)
  4 quasits (D:3)
  2 orc wizards
  An orc priest (D:5)
  3 hounds
  Jessica (D:2)
  2 iguanas
  Terence (D:2)
  Natasha (thrice) (D:2)
  2 worker ants
  A worker ant zombie (D:5)
  6 adders
  3 gnolls (D:4)
  A howler monkey skeleton (D:6)
  An ooze (D:1)
  An adder skeleton (D:4)
  A worm (D:4)
  5 dart slugs
  36 orcs
  A ball python (D:1)
  3 giant cockroaches
  12 goblins
  7 hobgoblins
  13 jackals
  2 quokkas
  7 bats
  6 frilled lizards
  2 gnoll zombies (D:2)
  5 kobolds
  A quokka skeleton (D:5)
  6 rats
161 creatures vanquished.

Vanquished Creatures (others)
  3 plants (D:1)
3 creatures vanquished.

Grand Total: 164 creatures vanquished

Notes
Turn   | Place    | Note
-------+----------+-------------------------------------------
     0 | D:1      | lessens the Draconian Monk began the quest for the Orb.
     0 | D:1      | Reached XP level 1. HP: 19/19 MP: 1/1
   246 | D:1      | Reached XP level 2. HP: 17/26 MP: 2/2
   734 | D:1      | Reached skill level 4 in Axes
   789 | D:1      | Reached XP level 3. HP: 23/31 MP: 3/3
  1488 | D:2      | Found a broken altar of Ashenzari.
  1488 | D:2      | Found an iron altar of Okawaru.
  1493 | D:2      | Became a worshipper of Warmaster Okawaru
  1493 | D:2      | Reached * piety under Okawaru
  1493 | D:2      | Reached ** piety under Okawaru
  1529 | D:2      | Reached XP level 4. HP: 29/38 MP: 4/4
  1652 | D:2      | Reached skill level 5 in Axes
  1686 | D:2      | Noticed Terence
  1689 | D:2      | Noticed Natasha
  1710 | D:2      | Killed Terence
  1823 | D:2      | Killed Natasha
  2236 | D:2      | Noticed Jessica
  2241 | D:2      | Killed Jessica
  2242 | D:2      | Reached skill level 6 in Axes
  2242 | D:2      | Reached XP level 5. HP: 36/45 MP: 5/5
  2574 | D:2      | Found a basalt altar of Yredelemnul.
  2595 | D:2      | Noticed Natasha
  2604 | D:2      | Killed Natasha
  2751 | D:2      | Noticed Natasha
  2760 | D:2      | Killed Natasha
  2829 | D:3      | Found a transporter.
  2848 | D:3      | Found a transporter.
  2851 | D:3      | Noticed pistachioham's ghost (amateur GnAM)
  3736 | D:4      | Found an ornate altar of the Wu Jian Council.
  3745 | D:4      | Noticed a centaur
  3753 | D:4      | Reached XP level 6. HP: 41/48 MP: 6/6
  3762 | D:4      | Reached skill level 7 in Axes
  4290 | D:4      | Found a staircase to the Ecumenical Temple.
  4583 | D:4      | Reached skill level 8 in Axes
  4835 | D:4      | Your scales start taking on an icy white colour.
  4835 | D:4      | Reached XP level 7. HP: 49/57 MP: 7/7
  4835 | D:4      | Gained mutation: Your flesh is cold resistant. (rC+) [White
                  | Draconian growth]
  5011 | D:4      | Reached *** piety under Okawaru
  5159 | D:4      | Found a shadowy altar of Dithmenos.
  5162 | D:4      | Found a white marble altar of Elyvilon.
  5500 | D:5      | Entered Level 5 of the Dungeon
  5783 | D:5      | Reached skill level 9 in Axes
  6143 | D:5      | Reached skill level 1 in Invocations
  6317 | D:5      | Found a shimmering blue altar of Sif Muna.
  6386 | D:5      | Found Metwakecw's Jewellery Shop.
  6720 | D:3      | Reached XP level 8. HP: 63/63 MP: 6/9
  6803 | D:3      | Reached skill level 10 in Axes
  6806 | D:3      | Killed pistachioham's ghost
  6806 | D:3      | Reached **** piety under Okawaru
  7333 | D:6      | Found a sacrificial altar of Ru.
  7436 | D:6      | Found a radiant altar of Vehumet.
  7604 | D:6      | Found a sparkling altar of Nemelex Xobeh.
  7624 | D:6      | You fall into a shaft and drop 2 floors!
  7648 | D:8      | Reached skill level 11 in Axes
  7851 | D:8      | Found a flagged portal.
  7865 | Bailey   | Entered a bailey
  7890 | Bailey   | Reached skill level 5 in Invocations
  7890 | Bailey   | Reached XP level 9. HP: 34/70 MP: 12/12
  8066 | Bailey   | Mangled by an orc warrior

Illustrated notes

Levels and vault maps discovered:
D:1:      tarquinn_simple_flora_water_c, layout_basic, serial_bayou_ford_a,
          st_stairs_10
D:2:      layout_basic, lemuel_zombie_altar_yredelemnul,
          gammafunk_temple_overflow_statue, uniq_jessica, uniq_natasha,
          uniq_terence
D:3:      layout_loops_ring, gammafunk_ghost_stat_death
D:4:      layout_basic, nicolae_overflow_crystal_walls,
          chequers_temple_overflow_statue_of_worship, temple_hall, wad_orctagon
D:5:      layout_gridville, basic_altar, serial_shops, shop
D:6:      layout_loops_ring, vehumet_crystals,
          nemelex_xobeh_ov_fountains_minmay, nicolae_ru_sacrificial_ziggurat
D:8:      layout_loops_ring, enter_bailey_3, tgw_trog
Bailey:   bailey_polearm_5, bailey

Skill      XL: |  1  2  3  4  5  6  7  8 |
---------------+-------------------------+-----
Axes           | 4 6 8 9 11 | 11.4
Invocations    | 2 5 |  5.0
Fighting       | |  3.9
Dodging        | |  2.6
Stealth        | |  1.7

Action                   |  1- 3 |  4- 6 |  7- 9 || total
-------------------------+-------+-------+-------++-------
Melee: Hand axe          |   108 |   244 |   126 ||   478
       Tailslap          |    10 |    32 |    27 ||    69
       Battleaxe         |       |       |    95 ||    95
Throw: Boomerang         |       |       |     2 ||     2
       Stone             |       |       |     1 ||     1
Invok: Heroism           |       |     1 |     5 ||     6
 Abil: Breathe Frost     |       |       |     7 ||     7
Evoke: Wand              |       |       |     3 ||     3
  Use: Potion            |       |     2 |     3 ||     5
       Scroll            |       |       |     7 ||     7
 Stab: Sleeping          |     3 |     3 |     4 ||    10
Armor: Skin              |    32 |    47 |    74 ||   153
Dodge: Dodged            |    70 |   140 |   204 ||   414

Table legend: (Time is in decaauts)
 A = Elapsed time spent in this place.
 B = Non-inter-level travel time spent in this place.
 C = Inter-level travel time spent in this place.
 D = Time resting spent in this place.
 E = Time spent auto-exploring this place.
 F = Levels seen in this place.
 G = Mean time per level.
                   A        B        C        D        E       F      G
               +--------+--------+--------+--------+--------+-----+--------+
         Total |   8074 |   7747 |    327 |   1937 |   4326 |   8 | 1009.2 |
       Dungeon |   7875 |   7548 |    327 |   1881 |   4326 |   7 | 1125.0 |
        Bailey |    198 |    198 |      0 |     56 |      0 |   1 |  198.0 |
               +--------+--------+--------+--------+--------+-----+--------+

Top non-repeatable levels by time:
     D:4: 2092 daAuts
     D:2: 1662 daAuts
     D:1: 1305 daAuts
     D:3: 1197 daAuts
     D:5: 935 daAuts
     D:6: 436 daAuts
     D:8: 244 daAuts
  Bailey: 198 daAuts
